 Dungeon Sprint DCSS version 0.17-a0-1646-geb1493d (webtiles) character file.

97862 Kidiri the Imperceptible (level 14, -1/79 HPs)
             Began as a Spriggan Enchanter on Aug 11, 2015.
             Was the Champion of Dithmenos.
             Killed from afar by a deep elf high priest (26 damage)
             ... with a burst of hellfire
             ... in the Dungeon (Sprint III: "The Ten Rune Challenge").
             The game lasted 00:41:47 (5395 turns).

Kidiri the Imperceptible (Spriggan Enchanter)       Turns: 5395, Time: 00:41:49

Health: -1/79      AC:  8    Str: 13    XL:     14   Next: 92%
Magic:  42/49      EV: 41    Int: 24    God:    Dithmenos [******]
Gold:   2846       SH:  0    Dex: 22    Spells: 12 memorised, 2 levels left

rFire  . . .     SeeInvis +     l - +6 quick blade "Hetzil" {pain, -Tele +Fly rPois rN+}
rCold  . . .     Clarity  +     u - +2 robe {rN+}
rNeg   + + +     SustAt   +     (shield restricted)
rPois  +         Gourm    .     t - +3 hat of Pondering {ponderous, MR+ MP+10 Int+5}
rElec  +         Spirit   .     m - +0 cloak
rCorr  .         Warding  .     (gloves unavailable)
rMut   .         NoTele   +     (boots unavailable)
MR     +++..                    x - amulet "Orrit" {rN+ Regen+ Str+4 Dex+3}
Stlth  ..........               w - ring of sustain attributes
                                v - ring of Agnosticism {Wiz rElec rN+}

@: berserking (expiring), flying, wreathed by umbra, very quick, extremely
resistant to hostile enchantments, extremely unstealthy
A: unfitting armour, hooves 1, horns 1, see invisible, blink 1, clarity,
herbivore 3, speed 3, frail 1, slow metabolism 2
a: Blink, Shadow Step, Shadow Form, Renounce Religion, Stop Flying
}: 2/10 runes: decaying, barnacled


You were in the Dungeon.
You worshipped Dithmenos.
Dithmenos was exalted by your worship.
You were not hungry.

You visited 1 branch You collected 2846 gold pieces.

Inventory:

Hand weapons
 a - a +1 dagger
 l - the +6 quick blade "Hetzil" (weapon) {pain, -Tele +Fly rPois rN+}
   (You found it in the Dungeon)

   In the hands of one skilled in necromantic magic, it inflicts extra damage on
   living creatures.
   It protects you from poison.
   It protects you from negative energy.
   It lets you fly.
   It prevents most forms of teleportation.
Armour
 m - a +0 cloak (worn)
 t - the +3 hat of Pondering (worn) {ponderous, MR+ MP+10 Int+5}
   (You took it off Gastronok in the Dungeon)

   It affects your intelligence (+5).
   It affects your resistance to hostile enchantments.
   It affects your magic capacity (+10).
 u - a +2 robe of positive energy (worn)
Jewellery
 v - the ring of Agnosticism (left hand) {Wiz rElec rN+}
   (You found it in the Dungeon)

   [ring of wizardry]

   It improves your spell success rate.
   It insulates you from electricity.
   It protects you from negative energy.
 w - a ring of sustain attributes (right hand)
 x - the amulet "Orrit" (around neck) {rN+ Regen+ Str+4 Dex+3}
   (You found it in the Dungeon)

   [amulet of regeneration]

   It affects your strength (+4).
   It affects your dexterity (+3).
   It protects you from negative energy.
   It increases your rate of regeneration.
Magical devices
 b - a wand of teleportation (6)
 c - a wand of frost (20)
 y - a wand of disintegration (18)
Scrolls
 o - a scroll of holy word
 p - a scroll of amnesia
 q - 4 scrolls of remove curse
 s - a scroll of random uselessness {unknown}
 A - a scroll of immolation {unknown}
 D - 3 scrolls of fog {unknown}
Potions
 e - 3 potions of curing
 f - a potion of heal wounds
 g - a potion of haste
 h - 2 potions of magic
 k - 3 potions of cure mutation
 r - 2 potions of flight {unknown}
 z - a potion of resistance
Books
 B - a book of Dreams

   Spells                             Type                      Level
   a - Ensorcelled Hibernation        Hexes/Ice                    2
   b - Phase Shift                    Translocation                5
   c - Shadow Creatures               Summoning                    5
   d - Silence                        Hexes/Air                    5
   e - Darkness                       Hexes                        6
   f - Mass Confusion                 Hexes                        6
 C - a book of Spatial Translocations

   Spells                             Type                      Level
   a - Apportation                    Translocation                1
   b - Blink                          Translocation                2
   c - Shroud of Golubria             Charms/Translocation         2
   d - Portal Projectile              Translocation                3
   e - Teleport Other                 Translocation                3
   f - Passage of Golubria            Translocation                4
Comestibles
 d - 7 fruits
 j - a bread ration
 n - 30 royal jellies


   Skills:
 + Level 14.1 Short Blades
 * Level 23.5 Dodging
 * Level 25.1 Stealth
 * Level 20.4 Spellcasting
 + Level 10.0 Conjurations
 + Level 15.4 Hexes
 + Level 9.5 Summonings
 + Level 14.4 Transmutations
 + Level 11.0 Ice Magic
 - Level 5.1 Invocations
 + Level 4.8 Evocations


You had 2 spell levels left.
You knew the following spells:

 Your Spells              Type           Power        Failure   Level  Hunger
a - Corona                Hex            #######      0%          1    None
b - Ensorcelled Hibernat  Hex/Ice        ######       0%          2    None
c - Confuse               Hex            #######.     0%          3    None
d - Tukima's Dance        Hex            #######.     0%          3    None
e - Dazzling Spray        Conj/Hex       ######..     1%          3    None
f - Cause Fear            Hex            #######...   1%          4    None
g - Dragon Form           Trmt           #######...   1%          7    #####..
h - Dragon's Call         Summ           ######....   100%        9    #######
i - Shroud of Golubria    Chrm/Tloc      ###.......   1%          2    None
j - Shadow Creatures      Summ           N/A          1%          5    None
k - Darkness              Hex            #######...   1%          6    ##.....
l - Mass Confusion        Hex            #######...   1%          6    ##.....


Dungeon Overview and Level Annotations

Branches:
Dungeon (1/1)

Altars:
Cheibriados
Dithmenos
Elyvilon
Fedhas
Gozag
Kikubaaqudgha
Makhleb
Nemelex Xobeh
Okawaru
Qazlal
Ru
Sif Muna
Trog
Vehumet
Xom
Yredelemnul
Zin
The Shining One
Jiyva
Lugonu

Shops:
D =(%}[}%

Annotations:
D exclusion: obsidian statue


Innate Abilities, Weirdness & Mutations

You are tiny and cannot use many weapons and most armour.
You have supernaturally acute eyesight.
You are a herbivore.
You cover ground extremely quickly.
You need consume almost no food.
You have large cloven feet.
You have a pair of small horns on your head.
You can translocate small distances at will.
You possess an exceptional clarity of mind.
You are frail (-10% HP).


Message History

The corpses begin to drag themselves along the ground!
You puncture the deep elf high priest! You kick the deep elf high priest.
Your headbutt misses the deep elf high priest.
The deep elf high priest is severely wounded.
Your shadow hits the deep elf high priest but does no damage.
You closely miss the deep elf high priest.
You kick the deep elf high priest, but do no damage.
You headbutt the deep elf high priest, but do no damage.
The deep elf high priest is severely wounded.
The deep elf conjurer gestures at you while chanting.
The bolt of cold misses you.
You hit the deep elf high priest. You headbutt the deep elf high priest.
The deep elf high priest is almost dead.
You hit the deep elf high priest but do no damage.
Your kick misses the deep elf high priest.
The deep elf high priest is almost dead.
Your shadow hits the deep elf high priest but does no damage.
The deep elf high priest calls down the wrath of its god upon you.
The hellfire explodes!
The burst of hellfire engulfs you!
You die...

##################
#...##e.e.'[...ee#
#.()##≈≈≈≈##§§##@#
#)..≈≈≈...e§§§§#x#
#.[)##≈≈≈≈##§.##§#
'...##....'...§§§#
##################
################ .'.#.#.#.+...≈≈#
.##.#.#.##...≈≈##################
.#.#.#.#.#...≈≈≈≈##.......+§§§§§.


You could see a deep elf high priest and a deep elf conjurer.

Vanquished Creatures
  Frederick (D)
  the Lernaean hydra (D)
  2 liches (D)
  Rupert (D)
  A deep elf master archer (D)
  Polyphemus (D)
  Gastronok (D)
  Harold (D)
  Chuck (D)
  2 shadow dragons (D)
  Ilsuiw (D)
  Maud (D)
  A deep elf demonologist (D)
  2 dire elephants (D)
  A deep elf death mage (D)
  A merfolk javelineer (D)
  Snorg (D)
  A fire dragon (D)
  A yaktaur captain (D)
  An ogre mage (D)
  3 centaur warriors (D)
  3 hydras (D)
  4 dancing weapons (D)
  4 death yaks (D)
  4 hell knights (D)
  An iron golem (D)
  A deep elf knight (D)
  A skeletal warrior (D)
  A death drake (D)
  A spriggan druid (D)
  A death drake (shapeshifter) (D)
  5 swamp dragons (D)
  2 unseen horrors (D)
  A sea snake (D)
  4 deep elf summoners (D)
  Joseph (D)
  A lindwurm (D)
  4 ugly things (D)
  A shining eye (shapeshifter) (D)
  2 elephants (D)
  2 black mambas (D)
  2 spiny frogs (D)
  A komodo dragon (D)
  3 wandering mushrooms (D)
  A fire drake (D)
  A deep elf priest (D)
  4 spriggan defenders (D)
  A queen bee (D)
  5 slime creatures (D)
  An orc high priest (D)
  8 blink frogs (D)
  2 spriggans (D)
  A shadow (D)
  3 redbacks (D)
  A spatial vortex (D)
  3 swamp drakes (D)
  A hydra simulacrum (D)
  A necrophage (D)
  A black mamba simulacrum (D)
  4 orc warriors (D)
  An earth elemental (D)
  2 centaurs (D)
  A water elemental (D)
  2 brain worms (D)
  32 killer bees (D)
  An electric eel (D)
  Crazy Yiuf (D)
  4 orc priests (D)
  A jelly (D)
  4 orc wizards (D)
  Jessica (D)
  A wizard (D)
  2 necromancers (D)
  2 wolf simulacra (D)
  3 sheep (D)
  A kobold demonologist (D)
  3 humans (D)
  9 orcs (D)
  3 rats (D)
  12 plants (D)
200 creatures vanquished.

Vanquished Creatures (others)
  2 draconian scorchers (D)
  2 yaktaurs (D)
  A bush (D)
5 creatures vanquished.

Grand Total: 205 creatures vanquished

Notes
Turn   | Place    | Note
--------------------------------------------------------------
     0 | D        | Kidiri the Spriggan Enchanter began the quest for the Orb.
     0 | D        | Reached XP level 1. HP: 9/9 MP: 5/5
   112 | D        | Noticed Jessica
   121 | D        | Killed Jessica
   121 | D        | Reached skill level 5 in Dodging
   121 | D        | Reached skill level 6 in Stealth
   121 | D        | Reached XP level 2. HP: 4/13 MP: 6/8
   125 | D        | Learned a level 2 spell: Ensorcelled Hibernation
   209 | D        | Killed a yaktaur
   237 | D        | Killed a yaktaur
   293 | D        | Killed a white draconian scorcher
   297 | D        | Killed a white draconian scorcher
   369 | D        | Reached XP level 3. HP: 12/16 MP: 7/10
   374 | D        | Learned a level 3 spell: Confuse
   378 | D        | Learned a level 3 spell: Tukima's Dance
   453 | D        | Noticed Crazy Yiuf
   460 | D        | Killed Crazy Yiuf
   460 | D        | Reached skill level 7 in Stealth
   460 | D        | Reached skill level 5 in Spellcasting
   460 | D        | Reached skill level 1 in Ice Magic
   460 | D        | Reached XP level 4. HP: 21/21 MP: 9/12
   484 | D        | Gained mutation: You are frail (-10% HP). [potion of mutation]
   484 | D        | Gained mutation: You have a pair of small horns on your head. [potion of mutation]
   484 | D        | Gained mutation: You have large cloven feet. [potion of mutation]
   485 | D        | Gained mutation: You possess an exceptional clarity of mind. [potion of mutation]
   485 | D        | Gained mutation: You can translocate small distances at will. [potion of mutation]
   522 | D        | Noticed a water elemental
   525 | D        | Killed a water elemental
   525 | D        | Reached skill level 8 in Stealth
   525 | D        | Reached skill level 5 in Hexes
   530 | D        | Learned a level 3 spell: Dazzling Spray
   538 | D        | Noticed a jelly
   539 | D        | Noticed a shadow
   541 | D        | Killed a shadow
   541 | D        | Reached skill level 9 in Dodging
   541 | D        | Reached skill level 10 in Stealth
   541 | D        | Reached skill level 1 in Conjurations
   541 | D        | Reached XP level 5. HP: 21/21 MP: 14/16
   541 | D        | Reached XP level 6. HP: 25/25 MP: 14/17
   545 | D        | Killed a jelly
   552 | D        | Found a stormy altar of Qazlal.
   553 | D        | Found a sacrificial altar of Ru.
   553 | D        | Found a burning altar of Makhleb.
   553 | D        | Found a viscous altar of Jiyva.
   553 | D        | Found a shimmering altar of Xom.
   553 | D        | Found a shadowy altar of Dithmenos.
   553 | D        | Found a sparkling altar of Nemelex Xobeh.
   553 | D        | Found a corrupted altar of Lugonu.
   553 | D        | Found an opulent altar of Gozag.
   553 | D        | Noticed a spatial vortex
   562 | D        | Became a worshipper of Dithmenos the Shadowed
   578 | D        | Killed a spatial vortex
   578 | D        | Reached skill level 5 in Short Blades
   578 | D        | Reached skill level 11 in Stealth
   578 | D        | Reached skill level 1 in Invocations
   806 | D        | Found a radiant altar of Vehumet.
   807 | D        | Found a deep blue altar of Sif Muna.
   807 | D        | Found an ancient bone altar of Kikubaaqudgha.
   807 | D        | Noticed a wizard
   808 | D        | Killed a wizard
   808 | D        | Reached skill level 10 in Dodging
   821 | D        | Learned a level 4 spell: Cause Fear
   832 | D        | Found a glowing silver altar of Zin.
   833 | D        | Found a glowing golden altar of the Shining One.
   833 | D        | Found a white marble altar of Elyvilon.
   833 | D        | Noticed a deep elf priest
   835 | D        | Killed a deep elf priest
   835 | D        | Reached skill level 12 in Stealth
   835 | D        | Reached XP level 7. HP: 28/28 MP: 18/20
   845 | D        | Found an iron altar of Okawaru.
   845 | D        | Found a bloodstained altar of Trog.
   845 | D        | Noticed a human
   846 | D        | Noticed a human
   850 | D        | Killed a human
   852 | D        | Killed a human
   852 | D        | Acquired Dithmenos's first power
   890 | D        | Found a basalt altar of Yredelemnul.
   890 | D        | Found a snail-covered altar of Cheibriados.
   890 | D        | Found a blossoming altar of Fedhas.
   890 | D        | Noticed a necrophage
   890 | D        | Noticed a necromancer
   896 | D        | Killed a necrophage
   896 | D        | Reached XP level 8. HP: 27/32 MP: 9/22
   899 | D        | Killed a necromancer
  1002 | D        | Noticed Snorg
  1006 | D        | Killed Snorg
  1006 | D        | Reached skill level 13 in Stealth
  1006 | D        | Reached skill level 10 in Spellcasting
  1033 | D        | Noticed an earth elemental
  1036 | D        | Killed an earth elemental
  1036 | D        | Reached skill level 14 in Stealth
  1041 | D        | Noticed a centaur
  1041 | D        | Noticed a centaur warrior
  1041 | D        | Noticed a centaur
  1043 | D        | Killed a centaur
  1043 | D        | Reached XP level 9. HP: 35/35 MP: 23/25
  1045 | D        | Killed a centaur warrior
  1045 | D        | Acquired Dithmenos's second power
  1045 | D        | Reached skill level 5 in Ice Magic
  1045 | D        | Reached skill level 5 in Invocations
  1046 | D        | Killed a centaur
  1055 | D        | Learned a level 7 spell: Dragon Form
  1128 | D        | Noticed an unseen horror
  1128 | D        | Noticed an unseen horror
  1129 | D        | Killed an unseen horror
  1129 | D        | Reached skill level 15 in Stealth
  1129 | D        | Reached skill level 1 in Transmutations
  1131 | D        | Killed an unseen horror
  1141 | D        | Noticed a killer bee
  1141 | D        | Noticed a killer bee
  1141 | D        | Noticed a killer bee
  1141 | D        | Noticed a killer bee
  1141 | D        | Noticed a killer bee
  1141 | D        | Noticed a killer bee
  1141 | D        | Noticed a killer bee
  1141 | D        | Noticed a killer bee
  1141 | D        | Noticed a killer bee
  1141 | D        | Noticed a killer bee
  1141 | D        | Noticed a killer bee
  1141 | D        | Noticed a killer bee
  1141 | D        | Noticed a killer bee
  1141 | D        | Noticed a killer bee
  1141 | D        | Noticed a killer bee
  1142 | D        | Noticed a killer bee
  1142 | D        | Noticed a killer bee
  1142 | D        | Noticed a queen bee
  1142 | D        | Noticed a killer bee
  1142 | D        | Noticed a killer bee
  1142 | D        | Noticed a killer bee
  1142 | D        | Noticed a killer bee
  1142 | D        | Noticed a killer bee
  1142 | D        | Noticed a killer bee
  1142 | D        | Noticed a killer bee
  1142 | D        | Noticed a killer bee
  1142 | D        | Noticed a killer bee
  1142 | D        | Noticed a killer bee
  1142 | D        | Noticed a killer bee
  1142 | D        | Noticed a killer bee
  1142 | D        | Noticed a killer bee
  1142 | D        | Noticed a killer bee
  1142 | D        | Noticed a killer bee
  1147 | D        | Killed a killer bee
  1149 | D        | Killed a killer bee
  1149 | D        | Acquired Dithmenos's third power
  1151 | D        | Killed a killer bee
  1151 | D        | Reached XP level 10. HP: 39/39 MP: 20/27
  1153 | D        | Killed a killer bee
  1156 | D        | Killed a killer bee
  1160 | D        | Killed a killer bee
  1162 | D        | Killed a killer bee
  1166 | D        | Killed a killer bee
  1169 | D        | Killed a killer bee
  1169 | D        | Acquired Dithmenos's fourth power
  1254 | D        | Learned a level 9 spell: Dragon's Call
  1299 | D        | Killed a killer bee
  1299 | D        | Reached skill level 5 in Conjurations
  1302 | D        | Killed a killer bee
  1304 | D        | Killed a killer bee
  1310 | D        | Killed a killer bee
  1312 | D        | Killed a killer bee
  1312 | D        | Reached skill level 16 in Stealth
  1314 | D        | Killed a killer bee
  1316 | D        | Killed a killer bee
  1318 | D        | Killed a killer bee
  1318 | D        | Reached skill level 1 in Summonings
  1455 | D        | Killed a killer bee
  1456 | D        | Killed a killer bee
  1457 | D        | Killed a killer bee
  1460 | D        | Killed a killer bee
  1462 | D        | Killed a killer bee
  1464 | D        | Killed a killer bee
  1467 | D        | Killed a killer bee
  1469 | D        | Killed a killer bee
  1471 | D        | Killed a killer bee
  1471 | D        | Reached skill level 15 in Dodging
  1473 | D        | Killed a killer bee
  1475 | D        | Killed a killer bee
  1477 | D        | Killed a killer bee
  1479 | D        | Killed a killer bee
  1479 | D        | Reached skill level 10 in Hexes
  1488 | D        | Killed a killer bee
  1490 | D        | Killed a killer bee
  1785 | D        | Killed a queen bee
  1891 | D        | Noticed Harold
  1891 | D        | Noticed Joseph
  1893 | D        | Killed Harold
  1893 | D        | Reached skill level 17 in Stealth
  1893 | D        | Reached skill level 5 in Transmutations
  1896 | D        | Killed Joseph
  1933 | D        | Noticed an orc priest
  1933 | D        | Noticed an orc priest
  1934 | D        | Noticed an orc high priest
  1934 | D        | Noticed an orc priest
  1935 | D        | Killed an orc priest
  1936 | D        | Killed an orc priest
  1938 | D        | Killed an orc high priest
  1943 | D        | Killed an orc priest
  2056 | D        | Noticed a wandering mushroom
  2057 | D        | Noticed a wandering mushroom
  2057 | D        | Noticed a wandering mushroom
  2060 | D        | Killed a wandering mushroom
  2060 | D        | Reached XP level 11. HP: 42/42 MP: 24/29
  2062 | D        | Killed a wandering mushroom
  2063 | D        | Killed a wandering mushroom
  2171 | D        | Noticed a spiny frog
  2171 | D        | Noticed a komodo dragon
  2171 | D        | Noticed a spiny frog
  2173 | D        | Killed a spiny frog
  2175 | D        | Killed a spiny frog
  2180 | D        | Killed a komodo dragon
  2217 | D        | Noticed a redback
  2219 | D        | Killed a redback
  2220 | D        | Noticed a brain worm
  2223 | D        | Killed a brain worm
  2230 | D        | Noticed a brain worm
  2232 | D        | Killed a brain worm
  2235 | D        | Noticed a lindwurm
  2237 | D        | Noticed a redback
  2238 | D        | Killed a lindwurm
  2240 | D        | Killed a redback
  2244 | D        | Noticed a redback
  2245 | D        | Killed a redback
  2245 | D        | Reached skill level 18 in Stealth
  2246 | D        | Noticed Maud
  2248 | D        | Killed Maud
  2376 | D        | Noticed a swamp drake
  2376 | D        | Noticed a fire drake
  2377 | D        | Killed a fire drake
  2379 | D        | Killed a swamp drake
  2386 | D        | Noticed a blink frog
  2387 | D        | Noticed a blink frog
  2387 | D        | Noticed a blink frog
  2387 | D        | Noticed a blink frog
  2387 | D        | Noticed a blink frog
  2389 | D        | Killed a blink frog
  2389 | D        | Reached skill level 10 in Short Blades
  2392 | D        | Killed a blink frog
  2395 | D        | Killed a blink frog
  2399 | D        | Killed a blink frog
  2401 | D        | Killed a blink frog
  2471 | D        | Noticed Rupert
  2473 | D        | Killed Rupert
  2473 | D        | Reached skill level 19 in Stealth
  2473 | D        | Reached skill level 15 in Spellcasting
  2479 | D        | Noticed a death yak
  2480 | D        | Noticed a death yak
  2480 | D        | Noticed a blink frog
  2480 | D        | Noticed an azure jelly
  2480 | D        | Noticed a death yak
  2480 | D        | Noticed an azure jelly
  2480 | D        | Noticed a blink frog
  2480 | D        | Noticed a death yak
  2481 | D        | Killed a death yak
  2481 | D        | Reached XP level 12. HP: 45/45 MP: 23/32
  2482 | D        | Killed a death yak
  2482 | D        | Reached skill level 5 in Summonings
  2483 | D        | Killed a blink frog
  2484 | D        | Noticed a blink frog
  2484 | D        | Noticed a black mamba
  2485 | D        | Killed a death yak
  2487 | D        | Killed a blink frog
  2488 | D        | Noticed a black mamba
  2489 | D        | Killed a blink frog
  2490 | D        | Killed a death yak
  2492 | D        | Killed a black mamba
  2493 | D        | Killed a black mamba
  2553 | D        | Noticed an azure jelly
  2553 | D        | Noticed an azure jelly
  3016 | D        | Noticed Polyphemus
  3017 | D        | Noticed Ilsuiw
  3018 | D        | Killed Polyphemus
  3018 | D        | Reached skill level 20 in Stealth
  3025 | D        | Killed Ilsuiw
  3029 | D        | Found Otaxetsi's Jewellery Shoppe.
  3029 | D        | Found Nerra's Antique Weapon Boutique.
  3029 | D        | Found Diceplit's Food Emporium.
  3029 | D        | Noticed a sea snake
  3029 | D        | Noticed a merfolk javelineer
  3031 | D        | Killed a sea snake
  3056 | D        | Killed a merfolk javelineer
  3056 | D        | Reached skill level 10 in Transmutations
  3070 | D        | Got a barnacled rune of Zot
  3145 | D        | Noticed an elephant
  3145 | D        | Noticed an elephant
  3145 | D        | Noticed a dire elephant
  3145 | D        | Noticed a dire elephant
  3145 | D        | Noticed Gastronok
  3147 | D        | Killed Gastronok
  3148 | D        | Killed a dire elephant
  3150 | D        | Killed a dire elephant
  3154 | D        | Killed an elephant
  3171 | D        | Killed an elephant
  3171 | D        | Reached skill level 21 in Stealth
  3327 | D        | Noticed an electric eel
  3328 | D        | Noticed a five-headed hydra
  3328 | D        | Noticed a five-headed hydra
  3330 | D        | Killed an electric eel
  3332 | D        | Killed a five-headed hydra
  3332 | D        | Reached XP level 13. HP: 49/49 MP: 34/34
  3333 | D        | Killed a five-headed hydra
  3344 | D        | Noticed a death drake
  3347 | D        | Killed a death drake
  3359 | D        | Found a blossoming altar of Fedhas.
  3359 | D        | Noticed a spriggan
  3359 | D        | Noticed a spriggan druid
  3359 | D        | Noticed a spriggan
  3361 | D        | Killed a spriggan
  3362 | D        | Killed a spriggan druid
  3363 | D        | Killed a spriggan
  3402 | D        | Noticed a swamp drake
  3404 | D        | Killed a swamp drake
  3479 | D        | Noticed a swamp dragon
  3479 | D        | Noticed a swamp drake
  3480 | D        | Noticed a swamp dragon
  3480 | D        | Found Tadaum Been's Antique Armour Emporium.
  3481 | D        | Killed a swamp dragon
  3482 | D        | Killed a swamp drake
  3483 | D        | Noticed a swamp dragon
  3483 | D        | Found Qasaotze's Gadget Shop.
  3483 | D        | Found Neissun's Food Shoppe.
  3484 | D        | Killed a swamp dragon
  3485 | D        | Noticed a swamp dragon
  3485 | D        | Noticed a swamp dragon
  3486 | D        | Killed a swamp dragon
  3488 | D        | Killed a swamp dragon
  3561 | D        | Noticed a five-headed hydra
  3561 | D        | Noticed the 27-headed Lernaean hydra
  3567 | D        | Killed a swamp dragon
  3572 | D        | Killed the 27-headed Lernaean hydra
  3572 | D        | Reached skill level 22 in Stealth
  3574 | D        | Killed a five-headed hydra
  3577 | D        | Got a decaying rune of Zot
  3788 | D        | Noticed a black mamba simulacrum
  3788 | D        | Noticed a wolf simulacrum
  3789 | D        | Noticed a wolf simulacrum
  3789 | D        | Noticed a seven-headed hydra simulacrum
  3790 | D        | Killed a seven-headed hydra simulacrum
  3792 | D        | Killed a wolf simulacrum
  3798 | D        | Killed a wolf simulacrum
  3799 | D        | Killed a black mamba simulacrum
  3931 | D        | Got a crude copper ring
  3933 | D        | Got a transparent sapphire amulet
  3940 | D        | Identified the ring of Agnosticism {Wiz rElec rN+} (You found it in the Dungeon)
  3942 | D        | Identified the amulet "Orrit" {rN+ Regen+ Str+4 Dex+3} (You found it in the Dungeon)
  4162 | D        | Noticed an orc wizard
  4163 | D        | Noticed an orc priest
  4163 | D        | Noticed an orc warrior
  4163 | D        | Noticed an orc wizard
  4163 | D        | Noticed an orc warrior
  4163 | D        | Noticed an orc wizard
  4163 | D        | Noticed an orc warrior
  4163 | D        | Noticed an orc warrior
  4163 | D        | Noticed an orc wizard
  4163 | D        | Found Geronkou's Gadget Shoppe.
  4164 | D        | Killed an orc wizard
  4167 | D        | Killed an orc wizard
  4170 | D        | Killed an orc priest
  4173 | D        | Killed an orc warrior
  4174 | D        | Killed an orc warrior
  4176 | D        | Killed an orc warrior
  4177 | D        | Killed an orc wizard
  4178 | D        | Killed an orc wizard
  4182 | D        | Killed an orc warrior
  4245 | D        | Noticed a deep elf knight
  4245 | D        | Noticed a deep elf summoner
  4245 | D        | Noticed a deep elf summoner
  4245 | D        | Noticed a deep elf summoner
  4245 | D        | Noticed a deep elf summoner
  4251 | D        | Noticed a deep elf conjurer
  4253 | D        | Killed a deep elf summoner
  4254 | D        | Killed a deep elf knight
  4256 | D        | Killed a deep elf summoner
  4258 | D        | Killed a deep elf summoner
  4259 | D        | Killed a deep elf summoner
  4260 | D        | Noticed a deep elf conjurer
  4265 | D        | Noticed a deep elf demonologist
  4347 | D        | Noticed a spriggan defender
  4348 | D        | Noticed a spriggan defender
  4348 | D        | Noticed a spriggan defender
  4348 | D        | Noticed a spriggan defender
  4349 | D        | Killed a spriggan defender
  4350 | D        | Killed a spriggan defender
  4352 | D        | Killed a spriggan defender
  4353 | D        | Killed a spriggan defender
  4449 | D        | Noticed a centaur warrior
  4449 | D        | Noticed a slime creature
  4451 | D        | Killed a slime creature
  4453 | D        | Killed a centaur warrior
  4481 | D        | Noticed a centaur warrior
  4485 | D        | Killed a centaur warrior
  4503 | D        | Noticed a purple ugly thing
  4503 | D        | Noticed a fire dragon
  4506 | D        | Killed a purple ugly thing
  4508 | D        | Killed a fire dragon
  4520 | D        | Noticed a scimitar of holy wrath
  4520 | D        | Noticed a vampiric hand axe
  4520 | D        | Noticed a long sword of slicing
  4521 | D        | Noticed a flail of holy wrath
  4522 | D        | Killed a vampiric hand axe
  4524 | D        | Killed a flail of holy wrath
  4524 | D        | Reached skill level 23 in Stealth
  4526 | D        | Killed a scimitar of holy wrath
  4528 | D        | Killed a long sword of slicing
  4528 | D        | Reached XP level 14. HP: 53/53 MP: 37/37
  4536 | D        | Got a smoking quick blade
  4537 | D        | Identified the +6 quick blade "Hetzil" {pain, -Tele +Fly rPois rN+} (You found it in the Dungeon)
  4561 | D        | Noticed a yaktaur captain
  4561 | D        | Noticed a cyan ugly thing
  4561 | D        | Noticed a purple ugly thing
  4562 | D        | Noticed a slime creature
  4562 | D        | Noticed a slime creature
  4562 | D        | Noticed a death drake
  4563 | D        | Killed a cyan ugly thing
  4565 | D        | Killed a death drake
  4565 | D        | Reached skill level 10 in Ice Magic
  4567 | D        | Killed a slime creature
  4569 | D        | Killed a purple ugly thing
  4579 | D        | Killed a slime creature
  4621 | D        | Killed a yaktaur captain
  4652 | D        | Noticed a skeletal warrior
  4653 | D        | Noticed an iron golem
  4654 | D        | Killed a skeletal warrior
  4655 | D        | Killed an iron golem
  4662 | D        | Noticed a necromancer
  4664 | D        | Killed a necromancer
  4690 | D        | Noticed a hell knight
  4690 | D        | Noticed a hell knight
  4691 | D        | Noticed a hell knight
  4691 | D        | Noticed a hell knight
  4692 | D        | Killed a hell knight
  4693 | D        | Killed a hell knight
  4695 | D        | Killed a hell knight
  4696 | D        | Killed a hell knight
  4745 | D        | Noticed a lich
  4747 | D        | Killed a lich
  4803 | D        | Noticed Chuck
  4805 | D        | Killed Chuck
  4805 | D        | Reached skill level 24 in Stealth
  4815 | D        | Noticed a slime creature
  4817 | D        | Noticed Frederick
  4817 | D        | Noticed a slime creature
  4820 | D        | Killed Frederick
  4820 | D        | Reached skill level 15 in Hexes
  4821 | D        | Killed a slime creature
  4823 | D        | Killed a slime creature
  4897 | D        | Noticed a purple ugly thing
  4897 | D        | Noticed a lich
  4898 | D        | Killed a purple ugly thing
  4921 | D        | Killed a lich
  5120 | D        | Learned a level 2 spell: Shroud of Golubria
  5126 | D        | Learned a level 5 spell: Shadow Creatures
  5133 | D        | Learned a level 6 spell: Darkness
  5140 | D        | Learned a level 6 spell: Mass Confusion
  5148 | D        | Noticed a shining eye
  5149 | D        | Noticed a shadow dragon
  5150 | D        | Killed a shining eye
  5154 | D        | Noticed a shadow dragon
  5154 | D        | Noticed an ogre mage
  5156 | D        | Killed an ogre mage
  5157 | D        | Killed a shadow dragon
  5158 | D        | Killed a shadow dragon
  5181 | D        | Noticed an obsidian statue
  5181 | D        | Noticed a wolf spider
  5347 | D        | Noticed a deep elf death mage
  5347 | D        | Noticed a deep elf demonologist
  5348 | D        | Noticed a deep elf master archer
  5349 | D        | Killed a deep elf death mage
  5350 | D        | Noticed a deep elf high priest
  5351 | D        | Killed a deep elf master archer
  5351 | D        | Reached skill level 25 in Stealth
  5351 | D        | Reached skill level 10 in Conjurations
  5354 | D        | Noticed a Shadow Fiend
  5356 | D        | Noticed an Executioner
  5374 | D        | Killed an Executioner
  5377 | D        | Noticed a cacodemon
  5380 | D        | Killed a deep elf demonologist
  5395 | D        | Killed from afar by a deep elf high priest

Vault maps used:
D:        dungeon_sprint_mu

Action                   |  1- 3 |  4- 6 |  7- 9 | 10-12 | 13-15 || total
-------------------------+-------+-------+-------+-------+-------++-------
Melee: Dagger            |    17 |    14 |    18 |   509 |   345 ||   903
       Quick blade       |       |       |       |       |    71 ||    71
 Cast: Ensorcelled Hiber |     2 |       |     5 |    47 |     5 ||    59
       Corona            |     1 |       |       |       |       ||     1
       Dazzling Spray    |       |     5 |     3 |     7 |    26 ||    41
       Confuse           |       |       |     3 |     3 |     3 ||     9
       Shroud of Golubri |       |       |       |       |     1 ||     1
Invok: Shadow Step       |       |       |       |    17 |    20 ||    37
 Abil: Blink             |       |       |       |       |     1 ||     1
       Evoke Flight      |       |       |       |       |     2 ||     2
  Use: Scroll            |       |     2 |       |       |     7 ||     9
       Potion            |       |     2 |       |       |     5 ||     7
 Stab: Sleeping          |     3 |     6 |    12 |    75 |    60 ||   156
       Confused          |       |       |     1 |     2 |       ||     3
       Invisible         |       |       |     1 |     1 |     1 ||     3
  Eat: Bread ration      |       |       |       |     1 |       ||     1
       Fruit             |       |       |       |     1 |       ||     1
